 Dungeon Crawl Stone Soup version 0.27-a0-242-ge0fc76b88b (webtiles) character file.

Game seed: 1392975202247217047

18 tsouns the Skirmisher (level 2, -13/27 HPs)
             Began as a Hill Orc Delver on Feb 2, 2021.
             Mangled by a mummy (14 damage)
             ... on level 4 of the Dungeon.
             The game lasted 00:01:13 (365 turns).

tsouns the Skirmisher (Hill Orc Delver)              Turns: 365, Time: 00:01:13

Health: -13/27     AC:  3    Str: 14    XL:     2   Next: 70%
Magic:  2/2        EV: 11    Int: 10    God:
Gold:   0          SH:  0    Dex: 12    Spells: 1/1 levels left

rFire    . . .     SeeInvis .   a - +0 hand axe
rCold    . . .     Faith    .   (no shield)
rNeg     . . .     Spirit   .   b - +0 leather armour
rPois    .         Reflect  .   (no helmet)
rElec    .         Harm     .   (no cloak)
rCorr    .         Rampage  .   (no gloves)
Will     .....                  (no boots)
Stlth    ++........             m - amulet of the acrobat
HPRegen  0.09/turn              (no ring)
MPRegen  0.08/turn              (no ring)

@: no status effects
A: no striking features
a: no special abilities


You were on level 4 of the Dungeon.
You visited 1 branch of the dungeon, and saw 3 of its levels.

Inventory:

Hand Weapons
 a - a +0 hand axe (weapon)
Armour
 b - a +0 leather armour (worn)
Jewellery
 j - an uncursed ring of ice
 m - an amulet of the acrobat (around neck)
Wands
 g - a wand of digging (3)
Scrolls
 c - a scroll of fog
 e - a scroll of fear
 h - a scroll of teleportation {unknown}
 k - a scroll of identify {unknown}
Potions
 d - a potion of flight {unknown}
 f - a potion of mutation {unknown}
 i - a potion of heal wounds {unknown}
 l - a potion of haste


   Skills:
 + Level 4.2 Fighting
 + Level 3.5 Axes
 - Level 1.5 Dodging
 - Level 4.1 Stealth


You had one spell level left.
You didn't know any spells.
Your spell library was empty.

Dungeon Overview and Level Annotations

Branches:
Dungeon (5/15)
 Temple: D:4-7

Altars:

Portals:
Ossuary: D:4


Message History

m - an amulet of the acrobat (around neck)
You open the door.
A mummy comes into view.
Found a sand-covered staircase.
You completely miss the mummy. The mummy completely misses you.
You barely miss the mummy. You hit the mummy.
The mummy is lightly damaged.
The mummy hits you.
You hit the mummy.
The mummy is lightly damaged.
You hit the mummy.
The mummy is moderately damaged.
The mummy hits you!
* * * LOW HITPOINT WARNING * * *
You hit the mummy.
The mummy is moderately damaged.
The mummy hits you!
Ouch! That really hurt!
You die...

*,,,....#**,...,,,,,,,,,
*,,,,...+,##..,,,,,,,,,,
*,,,,,..###.#,,,,,..,,,,
******#.##..#*,,,...,,,,
********##.#...#**,.....,,,
*,,,,,,,#......+,*#....#*+#
*,,,,,,,#..#...#*#.....##..
**,,,,,,,#..##..##..........
*,,,,****#.@###.#..#........
****>****##.M∩##..##....##..
*,,,,,,,..###.........##..
*,,,,,,...##..............
**,***###.#.....##........
*** *....###+##........
*........<.........
#...*..............
#...*..............


You could see a mummy.

Vanquished Creatures
  An adder (D:4)
  A dart slug (D:4)
  A leopard gecko (D:5)
  3 jackals (D:3)
  A bat (D:3)
7 creatures vanquished.

Notes
Turn   | Place    | Note
-------+----------+-------------------------------------------
     0 | D:5      | tsouns the Hill Orc Delver began the quest for the Orb.
     0 | D:5      | Reached XP level 1. HP: 19/19 MP: 1/1
    55 | D:3      | Reached XP level 2. HP: 16/27 MP: 2/2
   359 | D:4      | Found a sand-covered staircase.
   364 | D:4      | HP: 1/27 [mummy (10)]
   365 | D:4      | Mangled by a mummy

Illustrated notes

Levels and vault maps discovered:
D:3:      layout_rooms, hellmonk_ghost_happy_afterlife
D:4:      layout_gridville, serial_shops, nicolae_shop_trees,
          nicolae_ossuary_entry_giza
D:5:      layout_rooms, minmay_temple_entry_wispy, serial_shops, shop_statue,
          kennysheep_generic_room_9

Skill      XL: |  1  2 |
---------------+-------+-----
Axes           | 3 |  3.5
Fighting       | 4 |  4.2
Dodging        | |  1.5
Stealth        | |  4.1

Action                   || total
-------------------------++-------
Melee: Hand axe          ||    40
  Use: Scroll            ||     1
       Potion            ||     1
Armor: Leather armour    ||    15
Dodge: Dodged            ||    30

Table legend: (Time is in decaauts)
 A = Elapsed time spent in this place.
 B = Non-inter-level travel time spent in this place.
 C = Inter-level travel time spent in this place.
 D = Time resting spent in this place.
 E = Time spent auto-exploring this place.
 F = Levels seen in this place.
 G = Mean time per level.
                   A        B        C        D        E       F      G
               +--------+--------+--------+--------+--------+-----+--------+
         Total |    356 |    335 |     21 |      0 |    202 |   3 |  118.7 |
       Dungeon |    356 |    335 |     21 |      0 |    202 |   3 |  118.7 |
               +--------+--------+--------+--------+--------+-----+--------+

Top non-repeatable levels by time:
     D:3: 172 daAuts
     D:4: 146 daAuts
     D:5: 37 daAuts
